 Dungeon Crawl Stone Soup version 0.31-a0-774-g0d66cbabe8 (webtiles) character file.

Game seed: 3545750795866187410

104 Aneyh the Cudgeller (level 4, -1/28 HPs)
             Began as a Tengu Monk on Sept 18, 2023.
             Slain by a gnoll
             ... wielding a +0 spear
              (9 damage)
             ... on level 3 of the Dungeon.
             The game lasted 00:03:19 (2683 turns).

Aneyh the Cudgeller (Tengu Monk)                    Turns: 2683, Time: 00:03:20

Health: -1/28      AC:  2    Str: 13    XL:     4   Next: 80%
Magic:  5/5        EV: 13    Int: 11    God:
Gold:   215        SH:  0    Dex: 16    Spells: 3/3 levels left

rFire   . . .        b - +0 glaive
rCold   . . .        (shield currently unavailable)
rNeg    . . .        g - +0 robe
rPois   .            t - +0 hat
rElec   .            (no cloak)
rCorr   .            (no gloves)
SInv    .            (boots unavailable)
Will    .....        (no amulet)
Stlth   +            (no ring)
HPRegen 0.24/turn    (no ring)
MPRegen 0.09/turn

%: acrobat
@: lethally poisoned (-1 -> -5)
A: beak, talons 3, acrobatic
a: no special abilities


You were on level 3 of the Dungeon.
You visited 1 branch of the dungeon, and saw 3 of its levels.

You collected 215 gold pieces.

Inventory:

Hand Weapons
 a - a +0 mace
 b - a +0 glaive (weapon)
 i - a +0 war axe
 n - a +0 trident
Missiles
 k - 4 poisoned darts
Armour
 d - an orb of light
 g - a +0 robe (worn)
 q - a +0 ring mail
 t - a +0 hat (worn)
Jewellery
 p - an amulet of reflection
Scrolls
 h - 2 scrolls of amnesia {unknown}
 m - a scroll of identify
 o - 3 scrolls of silence {unknown}
 s - a scroll of teleportation {unknown}
Potions
 e - a potion of resistance {unknown}
 j - a potion of curing
 l - 2 potions of lignification {unknown}
 r - a potion of heal wounds {unknown}


   Skills:
 - Level 3.0 Fighting
 - Level 4.0 Maces & Flails
 + Level 4.0 Polearms
 - Level 3.2 Dodging


You had 3 spell levels left.
You didn't know any spells.
Your spell library was empty.

Dungeon Overview and Level Annotations

Branches:
Dungeon (3/15)

Altars:
Wu Jian


Innate Abilities, Weirdness & Mutations

You have a beak for a mouth.
You have claws for feet.
You can magically evade attacks while moving or waiting.


Message History

You start resting.
Your extra speed is starting to run out.
You start resting.
You feel yourself slow down.
You start resting.
HP restored.
You start waiting.
Done waiting.
You climb downwards.
There is a stone staircase leading up here.
The adder misses you.
You barely miss the adder. Your kick misses the adder. The adder bites you.
You are poisoned.
The adder poisons you! The adder bites you.
You barely miss the adder. Your peck misses the adder.
You feel sick. The adder bites you. The adder misses you.
You closely miss the adder. You peck the adder.
The adder is moderately wounded.
You feel sick. The adder misses you. The adder bites you.
You are more poisoned.
The adder poisons you!
You barely miss the adder. You claw the adder.
The adder is severely wounded.
You feel sick. The adder misses you. The adder barely misses you.
You closely miss the adder. You claw the adder, but do no damage.
You peck the adder, but do no damage.
The adder is severely wounded.
You feel sick. The adder misses you. The adder bites you.
You are more poisoned.
The adder poisons you!
You closely miss the adder. Your kick misses the adder.
Your peck misses the adder.
The adder is severely wounded.
You feel very sick. The adder bites you. The adder barely misses you.
You barely miss the adder. You peck the adder.
You kill the adder!
You feel very sick.
The gnoll hits you from afar with a +0 spear!
You die...

###.####^####.## #.# #.#
#.#.......#.######.###.#
#.#.......#............#
###.#.......#...####.##..##
S.#.^..._...#..##....†....#
#.#.#.......#..##.##.##...#
#.#.#.......#.###.##.##...#
#.#.#.......#)###.<..##...#
#...####.####.g.@..####...#
#.#.......g...####.# #...#
#.......###..#####.####...#
..#.###.# #..# #.....##..##
#...# #.# #..###.###.†...#
#######.# #......# #...[.#
#.....#.###.####.###.###.#
#.###.#.....# #....<# #.#
#...#.#....#######.#.###.#


You could see 2 gnolls.

Vanquished Creatures
  A gnoll (D:3)
  3 adders (D:3)
  An ufetubus (D:3)
  3 worms
  2 dart slugs
  2 ball pythons
  8 endoplasms
  2 giant cockroaches
  3 goblins
  2 hobgoblins (D:2)
  7 jackals
  6 quokkas
  2 bats
  5 frilled lizards
  5 kobolds
  4 rats
56 creatures vanquished.

Notes
Turn   | Place    | Note
-------+----------+-------------------------------------------
     0 | D:1      | Aneyh the Tengu Monk began the quest for the Orb.
     0 | D:1      | Reached XP level 1. HP: 14/14 MP: 2/2
    43 | D:1      | Reached XP level 2. HP: 9/19 MP: 3/3
   291 | D:1      | Reached skill level 1 in Polearms
   619 | D:2      | Reached XP level 3. HP: 23/23 MP: 4/4
  1399 | D:3      | Reached XP level 4. HP: 28/28 MP: 5/5
  1591 | D:3      | Found an ornate altar of the Wu Jian Council.
  2442 | D:3      | HP: 1/28 [gnoll/+0 halberd (11)]
  2683 | D:3      | Slain by a gnoll

Illustrated notes

Levels and vault maps discovered:
D:1:      scummos_arrival_star, layout_loops_ring
D:2:      minmay_spotlight, layout_basic, minmay_puff
D:3:      mumra_celtic_spiral_tile, layout_loops_ring, lemuel_tele_altar

Skill      XL: |  1  2  3  4 |
---------------+-------------+-----
Maces & Flails | 4 |  4.0
Polearms       | 1 3 4 |  4.0
Fighting       | |  3.0
Dodging        | |  3.2

Action                     |  1- 3 |  4- 6 || total
---------------------------+-------+-------++-------
  Melee: War axe           |     8 |       ||     8
         Peck              |    14 |     6 ||    20
         Kick              |     9 |     8 ||    17
         Mace              |    19 |       ||    19
         Glaive            |    48 |    46 ||    94
    Use: Scroll            |     2 |       ||     2
         Potion            |       |     3 ||     3
   Stab: Sleeping          |     7 |     3 ||    10
 Armour: Robe              |    24 |    37 ||    61
  Dodge: Dodged            |    52 |    43 ||    95

Table legend: (Time is in decaauts)
 A = Elapsed time spent in this place.
 B = Non-inter-level travel time spent in this place.
 C = Inter-level travel time spent in this place.
 D = Time resting spent in this place.
 E = Time spent auto-exploring this place.
 F = Levels seen in this place.
 G = Mean time per level.
                   A        B        C        D        E       F      G
               +--------+--------+--------+--------+--------+-----+--------+
         Total |   2722 |   2629 |     93 |    395 |   1748 |   3 |  907.3 |
       Dungeon |   2722 |   2629 |     93 |    395 |   1748 |   3 |  907.3 |
               +--------+--------+--------+--------+--------+-----+--------+

Top non-repeatable levels by time:
     D:3: 1158 daAuts
     D:2: 987 daAuts
     D:1: 575 daAuts
